 Dungeon Crawl Stone Soup version 0.28.0-53-g5a82cb258f (console) character file.

Game seed: 9724154024248814322

3668 Banquo the Slicer (level 10, -5/72 HPs)
             Began as a Djinni Gladiator on May 20, 2022.
             Was a Believer of Uskayaw.
             Slain by a tentacled starspawn (33 damage)
             ... on level 2 of the Abyss.
             The game lasted 00:26:33 (8982 turns).

Banquo the Slicer (Djinni Gladiator)                Turns: 8982, Time: 00:26:33

Health: -5/72      AC: 10    Str: 13    XL:     10   Next: 34%
Gold:   832        EV: 19    Int: 13    God:    Uskayaw [**....] SH:  5 Dex: 16

rFire   + + .      SeeInvis .   a - +2 short sword (elec)
rCold   x . .      Faith    .   (no shield)
rNeg    + . .      Spirit   .   d - +0 steam dragon scales
rPois   ∞          Reflect  +   h - +0 helmet
rElec   .          Harm     .   e - +2 cloak {Stlth+}
rCorr   .          Rampage  .   (no gloves)
Will    +....                   (boots unavailable)
Stlth   ++........              C - amulet of reflection
HPRegen 0.22/turn               I - ring of positive energy
MPRegen 0.00/turn               A - +4 ring of evasion

@: flying, studying Dodging
A: sickness immunity, fire resistance 2, cold vulnerability 1, float, innate
caster, HP casting, extra vitality 1
a: Renounce Religion, Stomp, Line Pass


You were on level 2 of the Abyss.
You worshipped Uskayaw.
Uskayaw was noncommittal.
You visited 2 branches of the dungeon, and saw 10 of its levels.
You visited the Abyss 1 time.
You also visited: Sewer.

You collected 1152 gold pieces.
You spent 320 gold pieces at shops.

Inventory:

Hand Weapons
 a - a +2 short sword of electrocution (weapon)
 b - a +1 dagger of venom
 g - a +0 trident
 s - a +0 rapier of freezing
 v - a +1 long sword of draining
 w - a +1 dagger of speed
 D - the +9 staff of Wucad Mu {*channel}
   (You found it on level 4 of the Dungeon)

   It occasionally powers its wielder's spells, but with a chance of causing
   confusion or draining the wielder's intelligence.
   It becomes more likely to activate and less likely to backfire with increased
   Evocations skill.
Missiles
 t - 16 poisoned darts
 u - 2 curare-tipped darts
 F - 9 boomerangs
 H - 3 throwing nets
Armour
 d - +0 steam dragon scales (worn)
 e - a +2 cloak of stealth (worn)
 h - a +0 helmet (worn)
Jewellery
 f - a ring of protection from fire
 z - an amulet of faith
 A - a +4 ring of evasion (right hand)
 C - an amulet of reflection (around neck)
 I - a ring of positive energy (left hand)
Wands
 B - a wand of mindburst (17)
 E - a wand of digging (4)
Scrolls
 j - 2 scrolls of enchant weapon {unknown}
 k - a scroll of vulnerability {unknown}
 m - 7 scrolls of teleportation {unknown}
 o - 4 scrolls of magic mapping {unknown}
 r - a scroll of fear {unknown}
 y - a scroll of fog {unknown}
 G - a scroll of blinking {unknown}
 J - a scroll of enchant armour {unknown}
Potions
 c - 3 potions of might
 i - 4 potions of haste
 l - 3 potions of ambrosia
 n - 5 potions of mutation
 p - 7 potions of curing
 q - 4 potions of heal wounds
 x - a potion of berserk rage
 L - a potion of brilliance {unknown}


   Skills:
 * Level 5.9 Fighting
 * Level 9.4 Short Blades
 - Level 1.5 Throwing
 - Level 4.0 Armour
 + Level 6.3 Dodging
 * Level 3.3 Spellcasting
 * Level 3.5 Invocations


You had 6 spell levels left.
You knew the following spells:

 Your Spells              Type           Power      Damage    Failure   Level
a - Sandblast             Erth           20%        2d7       6%          1
b - Passwall              Tmut/Erth      8%         N/A       9%          2
c - Scorch                Fire           20%        2d6       9%          2
h - Hailstorm             Conj/Ice       10%        3d5       50%         4
Your spell library was empty.

Dungeon Overview and Level Annotations

Branches:
Dungeon (9/15)             Temple (1/1) D:4           Sewer (visited)
   Lair: D:8-11         Orc: D:9-12

Altars:
Ashenzari
Cheibriados
Dithmenos
Elyvilon
Fedhas
Gozag
Hepliaklqana
Kikubaaqudgha
Makhleb
Nemelex Xobeh
Okawaru
Qazlal
Ru
Sif Muna
Trog
Uskayaw
Wu Jian
Xom
Yredelemnul
Zin
The Shining One

Shops:
D:3 !   D:5 *   D:7 (   D:8 **

Annotations:
D:6 Edmund
D:7 Harold


Innate Abilities, Weirdness & Mutations

You are immune to sickness and miasma.
You are immune to poison.
Your flesh is very heat resistant. (rF++)
You are vulnerable to cold. (rC-)
You float through the air rather than walking.
You learn spells naturally, not from books.
Your magical power is your life essence.
You have superior vitality. (+4 MHP)


Message History

Space warps around you.
You struggle against the net.
Harold hits you with a +1 war axe of distortion.
You are cast into the Abyss!
This branch contains the abyssal rune of Zot.
You start resting.
HP restored.
A tentacled starspawn comes into view.
You hit the tentacled starspawn.
The tentacled starspawn is lightly damaged.
You hit the tentacled starspawn but do no damage.
The tentacled starspawn is lightly damaged.
A tentacle flies out from the starspawn's body!
A starspawn tentacle comes into view.
You hit the tentacled starspawn but do no damage.
The tentacled starspawn is lightly damaged.
You hit the tentacled starspawn but do no damage.
The tentacled starspawn is lightly damaged.
The tentacled starspawn bites you!
You block the tentacled starspawn's attack.
You completely miss the tentacled starspawn.
The tentacled starspawn is lightly damaged.
The tentacled starspawn bites you!! The tentacled starspawn misses you.
You hit the tentacled starspawn but do no damage.
You barely miss the tentacled starspawn.
The tentacled starspawn misses you.
The tentacled starspawn barely misses you.
You hit the tentacled starspawn.
Lightning courses through the tentacled starspawn!
The tentacled starspawn is moderately damaged.
You puncture the tentacled starspawn!
Lightning courses through the tentacled starspawn!!
The tentacled starspawn is heavily damaged.
The tentacled starspawn misses you.
The tentacled starspawn tentacle-slaps you!
You can now pass through a line of other dancers.
You hit the tentacled starspawn but do no damage.
The tentacled starspawn is heavily damaged.
The tentacled starspawn bites you!!
You die...

# #. #. #
. ##.
.##.# #
#..###.#.#
..##
...w##..#
#..
##X...#
#..#@##.#
# ####
###.# ..
##.... #
..# ... ..
...# .##.
# # # ##
..# . #...
.## #..
##.###.
....# . #
. # #..#..
. ..


You could see a tentacled starspawn and a starspawn tentacle.

Vanquished Creatures
  Maggie (D:7)
  Eustachio (D:6)
  3 yaks (D:7)
  An acid dragon (D:8)
  4 water moccasins
  An orc warrior (D:6)
  3 black bears
  An ice beast (D:5)
  3 necrophages
  3 centaurs
  2 phantoms (D:6)
  4 kobold brigands (Sewer)
  A wyvern zombie (D:6)
  2 gnoll sergeants
  A water moccasin skeleton (D:5)
  A bullfrog zombie (D:3)
  A hound (D:3)
  3 orc priests
  4 centaur skeletons
  Crazy Yiuf (D:6)
  3 orc wizards
  9 gnolls
  A river rat (Sewer)
  8 adders
  2 white imps (D:7)
  An ufetubus (D:6)
  7 worms
  3 dart slugs
  20 orcs
  4 endoplasms
  3 giant cockroaches
  6 goblins
  9 hobgoblins
  5 jackals (D:3)
  6 quokkas
  7 ball pythons
  8 bats
  5 frilled lizards
  14 kobolds
  2 rats
164 creatures vanquished.

Notes
Turn   | Place    | Note
-------+----------+-------------------------------------------
     0 | D:1      | Banquo the Djinni Gladiator began the quest for the Orb.
     0 | D:1      | Reached XP level 1. HP: 18/18 MP: 0/0
   231 | D:1      | Reached XP level 2. HP: 22/23 MP: 0/0
   257 | D:1      | Reached skill level 3 in Short Blades
   420 | D:1      | Found a faded altar of an unknown god.
   561 | D:1      | Reached XP level 3. HP: 20/28 MP: 0/0
   561 | D:1      | Learned a level 1 spell: Sandblast
  1504 | D:2      | Found a snail-covered altar of Cheibriados.
  1620 | D:2      | Reached XP level 4. HP: 33/33 MP: 0/0
  2000 | D:3      | Reached skill level 4 in Short Blades
  2000 | D:3      | Reached XP level 5. HP: 26/38 MP: 0/0
  2000 | D:3      | Learned a level 2 spell: Passwall
  2129 | D:3      | Found a glowing drain.
  2237 | Sewer    | Entered a sewer
  2240 | Sewer    | Noticed a kobold brigand
  2247 | Sewer    | Reached skill level 1 in Spellcasting
  2271 | Sewer    | Killed a kobold brigand
  2272 | Sewer    | Reached XP level 6. HP: 11/45 MP: 0/0
  2545 | Sewer    | Reached skill level 5 in Short Blades
  2893 | Sewer    | Reached XP level 7. HP: 22/49 MP: 0/0
  2893 | Sewer    | Learned a level 2 spell: Scorch
  3461 | D:3      | Found Nodoecs's Distillery.
  3467 | D:3      | Bought a potion of haste for 100 gold pieces
  3562 | D:3      | Reached skill level 6 in Short Blades
  3825 | D:4      | Found the +9 staff of Wucad Mu {*channel}
  3852 | D:4      | Found a staircase to the Ecumenical Temple.
  3875 | Temple   | Entered the Ecumenical Temple
  3945 | Temple   | Became a worshipper of Uskayaw the Reveller
  4027 | D:4      | Reached * piety under Uskayaw
  4041 | D:4      | Reached ** piety under Uskayaw
  4536 | D:5      | Entered Level 5 of the Dungeon
  4631 | D:5      | Reached XP level 8. HP: 35/56 MP: 0/0
  4632 | D:5      | Reached *** piety under Uskayaw
  4634 | D:5      | Reached skill level 1 in Armour
  5047 | D:5      | Found Aciss's Gadget Gallery.
  5596 | D:6      | Noticed Edmund
  5636 | D:6      | Identified a scroll of acquirement
  5636 | D:6      | Acquired 778 gold pieces
  5697 | D:3      | Bought a potion of might for 40 gold pieces
  5697 | D:3      | Bought a potion of heal wounds for 50 gold pieces
  5697 | D:3      | Bought a potion of haste for 100 gold pieces
  5697 | D:3      | Bought a potion of curing for 30 gold pieces
  5763 | D:6      | Reached skill level 1 in Invocations
  5833 | D:6      | Reached skill level 7 in Short Blades
  6218 | D:6      | Reached XP level 9. HP: 62/63 MP: 0/0
  6218 | D:6      | Learned a level 4 spell: Hailstorm
  6322 | D:6      | Noticed Eustachio
  6343 | D:6      | Killed Eustachio
  6344 | D:6      | Reached skill level 5 in Dodging
  6347 | D:6      | Reached **** piety under Uskayaw
  6822 | D:6      | Found a runed translucent door.
  6823 | D:6      | Noticed Crazy Yiuf
  7096 | D:6      | Killed Crazy Yiuf
  7201 | D:7      | Reached skill level 8 in Short Blades
  7272 | D:7      | Noticed Maggie
  7282 | D:7      | Killed Maggie
  7283 | D:7      | Reached skill level 5 in Fighting
  7484 | D:7      | You are sucked into a shaft and drop 2 floors!
  7600 | D:8      | Found Daximy's Overcharged Wands.
  7632 | D:8      | Found Riqoillemu's Assorted Antiques.
  7830 | D:8      | Reached XP level 10. HP: 46/70 MP: 0/0
  8028 | D:8      | Reached skill level 9 in Short Blades
  8845 | D:7      | Found Zodgh's Weapon Shop.
  8902 | D:7      | Noticed Harold
  8907 | D:7      | Cast into level 2 of the Abyss (Harold)
  8967 | Abyss:2  | Noticed a tentacled starspawn
  8982 | Abyss:2  | Slain by a tentacled starspawn

Illustrated notes

Levels and vault maps discovered:
D:1:      mushboom_english_gardens, layout_rooms, ebering_ecumenical_altar_ruins
D:2:      layout_basic, basic_altar, minmay_heptomino_h4
D:3:      layout_basic, cheibrodos_sewer_entry_sluice, serial_shops,
          nicolae_shop_stone, minmay_pentangle
D:4:      layout_basic, minmay_temple_entry_large_hall
D:5:      layout_gridville, nicolae_shop_gadgets
D:6:      layout_cave_pools, nrook_uturn, uniq_edmund, uniq_crazy_yiuf_cottage,
          uniq_eustachio
D:7:      cheibrodos_quashed, layout_cave_pods, serial_shops, shop,
          minmay_manual_mail, uniq_harold, uniq_maggie
D:8:      layout_basic, dpeg_oklobed_lair, nicolae_take_the_stairs,
          nicolae_shop_overcharged_wands
D:9:      layout_roguey, zombieorc2_lemuel
Temple:   grunt_wide_crystal_templ
Abyss:2:  base: D:3, evilmike_abyss_exit_7

Skill      XL: |  1  2  3  4  5  6  7  8  9 10 |
---------------+-------------------------------+-----
Short Blades   | 3 4 5 6 7 8 9 |  9.4
Dodging        | 4 5 6 |  6.3
Spellcasting   | 1 2 3 |  3.3
Fighting       | 3 4 5 |  5.9
Armour         | 2 4 |  4.0
Invocations    | 1 2 3 |  3.5
Throwing       | |  1.5

Action                   |  1- 3 |  4- 6 |  7- 9 | 10-12 || total
-------------------------+-------+-------+-------+-------++-------
Melee: Rapier            |    75 |       |       |       ||    75
       Punch             |     1 |     4 |    10 |       ||    15
       Dagger            |    14 |   157 |   116 |       ||   287
       Short sword       |       |       |   317 |    80 ||   397
 Cast: Scorch            |       |       |       |     1 ||     1
Invok: Stomp             |       |       |       |     2 ||     2
  Use: Scroll            |       |       |     9 |     1 ||    10
 Stab: Paralysed         |       |       |     6 |     3 ||     9
       Sleeping          |       |       |     1 |     1 ||     2
Armor: Leather armour    |    23 |    25 |    37 |       ||    85
       Steam dragon scal |       |       |    12 |    13 ||    25
Dodge: Dodged            |    66 |    58 |   217 |    34 ||   375
Block: Other             |       |       |    57 |    17 ||    74
       Reflection        |       |       |     3 |     1 ||     4
